Map: 16 bits EC

Players

Smoothie

  • Race: Terran Terran
  • League: Master
  • Spawn Location: 1:00

zuka - Winner!

  • Race: Protoss Protoss
  • League: Master
  • Spawn Location: 7:00

VOD

Have the link to the VOD?

Description

Time

  • Played on: July 8, 2018, 3 p.m.
  • Length: 13:42
Show
View Real Time Build Order
Export as new Build Order

Smoothie Terran 

Build Orders: Reaper Expand, MMM Bio 

Get SALT Encoding   

  12  0:00  SCV  
  13  0:13  SCV  
  14  0:18  Supply Depot  
  14  0:25  SCV  
  15  0:39  SCV  
  16  0:42  Barracks  
  16  0:50  Refinery  
  16  0:51  SCV  
  17  1:03  SCV  
  18  1:15  SCV  
  19  1:29  Orbital Command  
  19  1:32  Reaper  
  20  1:43  Command Center  
  20  1:54  Barracks  
  20  1:59  SCV  
  21  2:09  Barracks Reactor  
  21  2:10  Supply Depot  
  21  2:11  SCV  
  22  2:18  Refinery  
  22  2:23  SCV  
  23  2:35  SCV  
  24  2:42  Barracks Tech Lab  
  23  2:46  Marine x2  
  23  2:49  SCV  
  26  2:56  Bunker  
  26  2:57  Orbital Command, Factory  
  26  3:05  Marine x2  
  26  3:09  Stimpack  
  28  3:15  Marauder  
  28  3:17  SCV  
  31  3:26  SCV  
  31  3:29  SCV, Marine x2  
  34  3:38  Marine  
  34  3:39  SCV  
  34  3:40  Widow Mine  
  38  3:41  SCV  
  38  3:48  Starport  
  39  3:49  Marine  
  39  3:51  SCV, Marine  
  39  3:54  SCV  
  43  4:01  Supply Depot  
  43  4:03  SCV  
  43  4:06  SCV  
  43  4:09  Marine  
  46  4:10  Factory Reactor  
  46  4:17  Supply Depot  
  46  4:22  Supply Depot, Marine x2  
  46  4:23  SCV x2  
  47  4:35  SCV x2  
  49  4:42  Marine x2  
  49  4:43  Marine  
  52  4:50  SCV x2  
  54  5:00  Refinery  
  54  5:01  Medivac x2  
  54  5:02  SCV x2, Refinery, Marine x2  
  54  5:03  Marauder  
  64  5:07  Supply Depot  
  64  5:14  SCV x2  
  64  5:15  Combat Shields  
  64  5:20  Engineering Bay  
  66  5:22  Engineering Bay, Marine x2  
  66  5:26  SCV x2  
  70  5:32  Supply Depot  
  70  5:36  Medivac  
  70  5:37  Medivac  
  70  5:38  SCV x2  
  76  5:43  Marine x2  
  76  5:49  Terran Infantry Weapons Level 1  
  78  5:54  SCV x2, Marauder  
  82  5:59  Terran Infantry Armor Level 1  
  82  6:01  Marine  
  83  6:06  SCV x2  
  83  6:09  Command Center  
  83  6:10  Marine  
  86  6:30  SCV  
  86  6:32  SCV, Marine  
  86  6:33  Viking, Marine x2  
  86  6:34  Viking  
  79  6:46  SCV x2  
  72  6:50  Bunker, Marine x2  
  72  6:51  Marauder  
  72  6:53  Concussive Shells  
  76  6:55  Barracks  
  76  6:56  Barracks  
  76  6:58  SCV  
  76  7:00  Factory Tech Lab  
  76  7:01  SCV  
  78  7:03  Barracks  
  78  7:04  Barracks  
  78  7:05  Supply Depot  
  78  7:06  Supply Depot  
  78  7:08  Marine  
  78  7:09  Marine  
  78  7:10  SCV  
  78  7:13  SCV  
  82  7:18  Armory  
  82  7:22  SCV  
  83  7:29  Marine x2  
  85  7:30  Marauder  
  85  7:31  SCV  
  85  7:32  Orbital Command  
  85  7:37  Siege Tank  
  89  7:38  Medivac x2  
  89  7:39  SCV  
  89  7:43  SCV  
  95  7:45  Supply Depot  
  95  7:48  Supply Depot  
  95  7:50  Marine x2  
  97  7:51  SCV  
  97  7:52  Barracks Tech Lab x2  
  97  7:53  Barracks Tech Lab  
  97  7:54  Barracks Tech Lab  
  97  7:55  SCV  
  99  8:03  SCV  
  99  8:04  SCV  
  101  8:06  Marine  
  101  8:07  Supply Depot  
  101  8:08  Supply Depot, Marine, Terran Infantry Armor Level 2  
  101  8:11  Terran Infantry Weapons Level 2  
  103  8:16  Marine x2  
  103  8:17  Marauder x2  
  103  8:19  Marauder  
  111  8:24  Marauder  
  113  8:28  SCV x3  
  113  8:30  Marine  
  117  8:34  Siege Tank, Marine  
  117  8:35  Marauder  
  117  8:38  Viking x2  
  117  8:40  SCV  
  128  8:41  SCV  
  128  8:42  Supply Depot  
  128  8:43  Supply Depot  
  128  8:45  SCV  
  128  8:48  Marine x3  
  132  8:50  Liberator  
  132  8:52  SCV, Liberator  
  132  8:53  SCV  
  132  8:55  Supply Depot  
  135  8:57  SCV  
  135  8:59  Marine  
  137  9:04  SCV  
  137  9:05  SCV  
  137  9:06  Siege Tank  
  148  9:11  Refinery x2  
  148  9:12  Marine x2  
  148  9:13  Marine  
  148  9:14  Marine  
  148  9:15  Marine  
  148  9:16  Marine  
  154  9:21  Supply Depot x2  
  154  9:23  Supply Depot  
  154  9:26  Missile Turret  
  154  9:27  SCV x2  
  154  9:42  Barracks  
  124  9:52  Marine  
  124  9:53  Marine x6  
  124  9:56  Medivac x2  
  124  9:57  Siege Tank  
  110  10:10  Marine x2  
  110  10:11  Marauder x2, Marine x3  
  119  10:14  Terran Vehicle Weapons Level 1  
  119  10:21  Ghost Academy  
  119  10:26  Medivac x2  
  119  10:28  Marine x4  
  123  10:29  Marine  
  123  10:30  SCV x3  
  123  10:32  Terran Infantry Weapons Level 3, Marine x2  
  133  10:41  Barracks Tech Lab  
  133  10:42  SCV  
  134  10:45  Siege Tank  
  134  10:46  Marine x2  
  134  10:47  Marauder x2  
  125  10:56  Personal Cloaking  
  114  10:57  Ghost  
  114  10:58  Marine x2  
  114  11:03  SCV x3  
  114  11:04  Marine x2  
  121  11:08  Marine x2  
  121  11:11  Command Center  
  125  11:15  SCV x3  
  125  11:16  Supply Depot  
  128  11:20  Marine x2  
  128  11:21  Marine x2  
  128  11:22  Marine  
  133  11:25  Marine x2  
  133  11:26  Marine  
  136  11:32  Supply Depot  
  136  11:33  Supply Depot  
  136  11:34  Liberator x2  
  136  11:38  Marine x3  
  139  11:41  Marine x2  
  139  11:43  Marine x2  
  139  11:44  Marine  
  144  11:48  Barracks  
  144  11:53  SCV x2  
  152  11:56  Marine  
  153  12:02  Ghost  
  153  12:03  Ghost  
  157  12:11  Marine x5  
  157  12:14  Marine  
  163  12:29  Marine x4  
  159  12:35  Marine  
  159  12:36  Marine x3  
  161  12:38  Viking  
  163  12:46  Marine  
  163  12:47  Marine x3  
  167  12:54  Marauder  
  167  12:55  Marine x3  
  172  12:59  Planetary Fortress  
  172  13:04  Marine x2  
  172  13:05  Marauder, Marine  
  177  13:13  Marine x3  
Show
View Real Time Build Order
Export as new Build Order

zuka Protoss - Winner!

Build Orders: 1 Gate Expand, Oracle Opening 

Get SALT Encoding   

  12  0:00  Probe  
  13  0:13  Probe  
  14  0:19  Pylon  
  14  0:21  Probe  
  15  0:33  Probe  
  15  0:40  Gateway  
  16  0:44  Probe  
  17  0:53  Assimilator  
  17  0:57  Probe  
  18  1:07  Probe  
  19  1:15  Probe  
  20  1:29  Nexus  
  20  1:36  Cybernetics Core  
  20  1:39  Probe  
  21  1:44  Assimilator  
  21  1:51  Probe  
  21  1:53  Pylon  
  22  2:02  Stalker  
  22  2:03  Probe  
  23  2:13  Warp Gate  
  25  2:16  Probe  
  26  2:28  Probe  
  27  2:32  Stalker  
  29  2:40  Probe  
  29  2:43  Probe  
  31  2:46  Stargate  
  31  2:50  Probe  
  31  2:55  Probe  
  33  2:59  Probe  
  34  3:07  Probe x2  
  36  3:17  Gateway x2  
  36  3:18  Probe  
  36  3:19  Oracle, Probe  
  38  3:31  Probe x2  
  43  3:38  Pylon  
  43  3:42  Stalker  
  43  3:43  Probe  
  43  3:47  Oracle  
  49  4:02  Nexus  
  49  4:06  Probe  
  49  4:09  Assimilator  
  50  4:13  Assimilator  
  50  4:17  Probe  
  50  4:18  Probe  
  52  4:42  Probe  
  52  4:43  Probe  
  54  4:47  Pylon  
  54  4:49  Pylon  
  54  4:53  Forge  
  54  4:55  Twilight Council  
  54  5:04  Pylon  
  54  5:05  Oracle, Probe x2  
  59  5:08  Stalker  
  59  5:09  Stalker x2  
  65  5:14  Probe  
  65  5:17  Probe x2  
  68  5:24  Blink  
  68  5:26  Probe  
  68  5:28  Pylon  
  69  5:29  Protoss Ground Weapons Level 1, Probe x2  
  69  5:31  Pylon  
  71  5:41  Probe x2  
  74  5:44  Stalker x2  
  74  5:46  Stalker  
  74  5:47  Probe  
  80  5:53  Probe  
  80  5:55  Probe  
  82  6:00  Probe  
  82  6:02  Gateway  
  82  6:03  Probe  
  83  6:05  Gateway  
  83  6:06  Gateway, Probe  
  85  6:12  Probe  
  85  6:18  Probe  
  87  6:19  Stalker  
  87  6:20  Stalker x2  
  83  6:40  Phoenix  
  83  6:46  Probe x2  
  78  6:49  Probe  
  81  6:54  Gateway  
  81  6:56  Gateway  
  81  6:58  Probe x2, Gateway  
  81  7:00  Pylon  
  83  7:02  Pylon, Assimilator  
  83  7:04  Assimilator  
  83  7:06  Charge, Templar Archives  
  83  7:07  Photon Cannon, Pylon  
  83  7:08  Protoss Ground Armor Level 1, Pylon  
  83  7:09  Pylon, Probe  
  83  7:10  Probe  
  83  7:11  Shield Battery  
  83  7:13  Phoenix  
  85  7:31  Probe  
  85  7:32  Zealot x5  
  96  7:40  Phoenix  
  96  7:44  Photon Cannon  
  96  7:46  Photon Cannon  
  96  7:47  Psionic Storm  
  98  7:55  Zealot  
  100  7:59  Pylon  
  100  8:01  High Templar  
  100  8:02  High Templar  
  100  8:03  Robotics Facility, Phoenix  
  100  8:04  High Templar  
  108  8:23  Forge, Pylon  
  108  8:26  High Templar, Pylon  
  110  8:27  Zealot x4  
  110  8:28  Zealot  
  120  8:36  Dark Shrine  
  120  8:39  Forge  
  120  8:40  Warp Prism  
  120  8:43  Photon Cannon  
  120  8:44  Photon Cannon, High Templar x2  
  120  8:48  Protoss Ground Weapons Level 2  
  124  8:51  Protoss Ground Armor Level 2  
  124  8:53  Archon  
  126  8:56  Nexus  
  126  8:59  Zealot  
  126  9:00  Zealot  
  130  9:16  Zealot x3  
  136  9:17  Pylon  
  136  9:27  Pylon  
  136  9:31  Zealot x2  
  136  9:32  Zealot x3  
  136  9:33  Zealot  
  120  9:57  Archon  
  120  9:59  Immortal  
  110  10:03  Zealot x2  
  110  10:04  Zealot x5  
  110  10:05  Zealot x2  
  126  10:09  Protoss Shields Level 1  
  130  10:15  Probe  
  130  10:16  Robotics Bay  
  131  10:22  Robotics Facility, Probe x2  
  131  10:25  High Templar x3  
  131  10:26  High Templar, Zealot x2  
  145  10:37  Archon  
  145  10:40  Immortal, Probe  
  146  10:45  Protoss Ground Armor Level 3  
  146  10:47  Pylon  
  146  10:49  Pylon  
  150  10:54  Protoss Ground Weapons Level 3  
  150  10:59  Colossus  
  150  11:06  Assimilator  
  150  11:08  Colossus  
  150  11:10  Photon Cannon  
  156  11:12  Assimilator  
  156  11:14  Pylon  
  156  11:17  Zealot x3  
  168  11:31  Pylon  
  168  11:38  Zealot  
  168  11:39  Zealot x2  
  174  11:41  High Templar x2  
  174  11:42  Colossus  
  174  11:45  Archon  
  178  11:47  Extended Thermal Lance  
  184  11:56  Observer  
  184  12:01  Archon  
  185  12:29  Stalker x3  
  191  12:55  Nexus  
  191  12:57  Pylon  
  191  12:59  Pylon  
  191  13:00  Dark Templar x2  
  191  13:01  Dark Templar x2  
  191  13:03  Assimilator  
  199  13:07  Assimilator  
  139  13:34  Dark Templar x4  
  139  13:35  Dark Templar x5  
  139  13:38  Archon x2  
  139  13:39  Archon x2  
Tags
 
Add a new tag
Caveats
  • Supply blocks, unpowered buildings, or Contaminate may cause inaccurate times.
  • Supply counts are checked every 10 seconds.